 Dungeon Crawl Stone Soup version 5.2-4-g6121e92 (webtiles) character file.

288 Eonwe the Skirmisher (level 7, 0/63 HPs)
             Began as a Minotaur Berserker on Dec 14, 2017.
             Was a Priest of Trog.
             Succumbed to a scorpion's poison
             ... on level 6 of the Dungeon.
             The game lasted 00:09:18 (4512 turns).

Eonwe the Skirmisher (Minotaur Berserker)           Turns: 4512, Time: 00:09:18

Health: 0/63       AC:  2 (0%)Str: 23   XL:     7   Next: 54%
Magic:  6/6        EV: 14    Int:  4    God:    Trog [3*[76]]
Gold:   335        SH:  0    Dex: 10    Spells: 6/6 levels left

rFire    . . .     SeeInvis .   a - +0 hand axe
rCold    . . .     Faith    .   (no shield)
rNeg     . . .     Spirit   .   b - +0 animal skin
rPois    .         Reflect  .   (helmet restricted)
rElec    .                      (no cloak)
rCorr    .                      (no gloves)
MR       .....                  (no boots)
Stlth    +.........             (no amulet)
Regen    0.2/turn               (no ring)
MPRegen  0.2/turn               (no ring)

@: lethally poisoned (0 -> -6), exhausted, slowed, very slow
A: retaliatory headbutt, horns 2, screaming 1, evolution
a: Berserk, Trog's Hand, Renounce Religion


You were on level 6 of the Dungeon.
You worshipped Trog.
Trog was most pleased with you.
You were not hungry.

You visited 1 branch of the dungeon, and saw 6 of its levels.

You collected 335 gold pieces.

Inventory:

Hand Weapons
 a - a +0 hand axe (weapon)
Missiles
 e - 211 bolts
 f - 146 arrows
 g - 2326 stones (quivered)
 m - 77 poisoned darts
Armour
 b - a +0 animal skin (worn)
 j - a +0 cloak
Jewellery
 p - an uncursed amulet of guardian spirit
 s - a +6 ring of intelligence
Wands
 q - a wand of digging (8)
Scrolls
 d - a scroll of fog
 h - a scroll of blinking
 k - 5 scrolls of magic mapping
 n - a scroll of enchant weapon
 o - a scroll of enchant armour
Potions
 c - 2 potions of cancellation
 r - a potion of berserk rage


   Skills:
 + Level 6.1 Fighting
 + Level 6.0 Axes
 + Level 5.9 Armour
 + Level 4.9 Dodging


You had 6 spell levels left.
You didn't know any spells.

Dungeon Overview and Level Annotations

Branches:
Dungeon (6/15)

Altars:
Dithmenos
Elyvilon
Kikubaaqudgha
Ru
Sif Muna
Trog
Vehumet
Xom
Yredelemnul


Innate Abilities, Weirdness & Mutations

You reflexively headbutt those who attack you in melee.
You have a pair of horns on your head.
You occasionally shout uncontrollably at your foes.
You evolve.


Message History

* * * LOW HITPOINT WARNING * * *
You are lethally poisoned!
The scorpion poisons you!
* * * LOW HITPOINT WARNING * * *
You feel sick.
The orc wizard mumbles some strange words.
The orc wizard blinks!
Something hits you but does no damage.
The orc wizard gestures wildly while chanting.
The orc wizard blinks!
Something hits you but does no damage. The scorpion completely misses you.
You furiously retaliate!
You headbutt the scorpion (3). You hit the scorpion but do no damage.
The scorpion is moderately wounded.
You hit something (1).
* * * LOW HITPOINT WARNING * * *
You feel sick. Something completely misses you. The scorpion barely misses you.
You hit the scorpion (5).
The scorpion is severely wounded.
You miss something.
You die...

## .. ##. #. ##.⌠ ##.
.###.#.##.####
#..(..#......
../........#
...........#######
...........)@sooo#
...$.....)...{h{o....
..........#######....
.........## ...
#..####### # #. .


You could see a scorpion, a hound, an orc priest and 3 orcs.

Vanquished Creatures
  An ogre (D:4)
  A centaur (D:6)
  A gnoll sergeant (D:5)
  A crimson imp (D:5)
  A howler monkey (D:5)
  Terence (D:2)
  7 worker ants
  An iguana (D:4)
  A hound zombie (D:5)
  A hound skeleton (D:4)
  Samantha (D:4)
  6 gnolls (D:5)
  5 adders
  An ooze (D:1)
  An adder skeleton (D:4)
  2 dart slugs
  9 orcs
  3 quokkas
  6 bats
  3 giant cockroaches
  21 goblins
  6 hobgoblins
  9 jackals
  2 ball pythons
  4 frilled lizards
  8 kobolds
  4 rats
107 creatures vanquished.

Notes
Turn   | Place    | Note
-------+----------+-------------------------------------------
     0 | D:1      | Eonwe the Minotaur Berserker began the quest for the Orb.
     0 | D:1      | Reached XP level 1. HP: 19/19 MP: 0/0
    29 | D:1      | Reached XP level 2. HP: 16/27 MP: 1/1
   733 | D:2      | Found a faded altar of an unknown god.
   745 | D:2      | Noticed Terence
   758 | D:2      | Killed Terence
   758 | D:2      | Reached XP level 3. HP: 33/33 MP: 2/2
   845 | D:2      | Reached XP level 4. HP: 40/40 MP: 3/3
  1115 | D:2      | Reached ** piety under Trog
  1425 | D:3      | Found a white marble altar of Elyvilon.
  1518 | D:3      | Found a bloodstained altar of Trog.
  1571 | D:3      | HP: 2/41 [poisoned by a worker ant]
  1571 | D:3      | Reached XP level 5. HP: 3/47 MP: 4/4
  1875 | D:3      | Found a basalt altar of Yredelemnul.
  2470 | D:4      | Found a deep blue altar of Sif Muna.
  2979 | D:4      | Found a sacrificial altar of Ru.
  3041 | D:4      | Found a shimmering altar of Xom.
  3056 | D:4      | Found a sacrificial altar of Ru.
  3127 | D:4      | Noticed an ogre
  3135 | D:4      | Killed an ogre
  3135 | D:4      | Reached skill level 5 in Fighting
  3135 | D:4      | Reached skill level 5 in Axes
  3135 | D:4      | Reached XP level 6. HP: 41/56 MP: 5/5
  3275 | D:4      | Found an ancient bone altar of Kikubaaqudgha.
  3556 | D:4      | Noticed Samantha
  3603 | D:4      | Killed Samantha
  3845 | D:5      | Entered Level 5 of the Dungeon
  3909 | D:5      | Reached skill level 5 in Armour
  3955 | D:5      | Found a shadowy altar of Dithmenos.
  3983 | D:5      | Reached XP level 7. HP: 38/61 MP: 6/6
  4193 | D:5      | Found a radiant altar of Vehumet.
  4212 | D:5      | Reached *** piety under Trog
  4484 | D:5      | Gained mutation: You occasionally shout uncontrollably at your foes. [potion of mutation]
  4484 | D:5      | Gained mutation: You evolve. [potion of mutation]
  4510 | D:6      | HP: 2/63 [poisoned by a scorpion]
  4512 | D:6      | Succumbed to a scorpion's poison

Skill      XL: |  1  2  3  4  5  6  7 |
---------------+----------------------+-----
Armour         | 3 4 5 |  5.9
Fighting       | 4 5 6 |  6.1
Axes           | 4 5 6 |  6.0
Dodging        | 3 4 |  4.9

Action                   |  1- 3 |  4- 6 |  7- 9 || total
-------------------------+-------+-------+-------++-------
Melee: Hand axe          |    43 |   185 |    30 ||   258
       Headbutt          |     6 |    34 |     6 ||    46
Invok: Berserk           |     1 |     2 |     2 ||     5
  Use: Potion            |       |     1 |     2 ||     3
Armor: Animal skin       |    13 |    26 |     3 ||    42
Dodge: Dodged            |    34 |   155 |    22 ||   211
